 Dungeon Crawl Stone Soup version 0.29.1-13-g9f3cf754e1 (webtiles) character file.

Game seed: 6764756063886383121

23 leafyfresh the Ducker (level 3, 0/25 HPs)
             Began as a Djinni Air Elementalist on Jan 19, 2023.
             Slain by Terence
             ... wielding a +0 flail
              (7 damage)
             ... on level 2 of the Dungeon.
             The game lasted 00:01:46 (1510 turns).

leafyfresh the Ducker (Djinni Air Elementalist)     Turns: 1510, Time: 00:01:47

Health: 0/25       AC:  3    Str:  7    XL:     3   Next: 12%
Gold:   60         EV: 12    Int: 18    God:
                   SH:  0    Dex: 13

rFire   + + .      SeeInvis .   i - +1 short sword (speed)
rCold   x . .      Faith    .   (no shield)
rNeg    . . .      Spirit   .   a - +0 robe
rPois   ∞          Reflect  .   (no helmet)
rElec   .          Harm     .   (no cloak)
rCorr   .          Rampage  .   e - +0 pair of gloves
Will    .....                   (boots unavailable)
Stlth   ++........              (no amulet)
HPRegen 0.08/turn               (no ring)
MPRegen 0.00/turn               (no ring)

@: flying
A: sickness immunity, fire resistance 2, cold vulnerability 1, float, innate
caster, HP casting, extra vitality 1
a: no special abilities


You were on level 2 of the Dungeon.
You visited 1 branch of the dungeon, and saw 2 of its levels.

You collected 60 gold pieces.

Inventory:

Hand Weapons
 i - a +1 short sword of speed (weapon)
Armour
 a - a +0 robe (worn)
 e - a +0 pair of gloves (worn)
Scrolls
 b - 2 scrolls of teleportation {unknown}
 c - 3 scrolls of blinking {unknown}
 f - 2 scrolls of identify {unknown}
 j - a scroll of enchant armour {unknown}
Potions
 d - a potion of invisibility {unknown}
 g - a potion of flight {unknown}
 h - a potion of resistance {unknown}
 k - 2 potions of heal wounds {unknown}


   Skills:
 + Level 3.0 Dodging
 - Level 1.5 Stealth
 + Level 2.8 Spellcasting


You couldn't memorise any spells.
You knew the following spells:

 Your Spells              Type           Power      Damage    Failure   Level
a - Shock                 Conj/Air       48%        1d6       4%          1
b - Static Discharge      Conj/Air       12%        3-5/arc   8%          2
c - Swiftness             Air            12%        N/A       16%         3
d - Airstrike             Air            6%         2d(1-17)  45%         4
e - Magic Dart            Conj           48%        1d5       4%          1
Your spell library was empty.

Dungeon Overview and Level Annotations

Branches:
Dungeon (2/15)

Altars:

Shops:
D:1 (

Annotations:
D:2 Terence


Innate Abilities, Weirdness & Mutations

You are immune to sickness and miasma.
You are immune to poison.
Your flesh is very heat resistant. (rF++)
You are vulnerable to cold. (rC-)
You float through the air rather than walking.
You learn spells naturally, not from books.
Your magical power is your life essence.
You have superior vitality. (+4 MHP)


Message History

A goblin is nearby!
An endoplasm comes into view.
There are monsters nearby!
Terence shouts!
You hit the goblin but do no damage. The goblin hits you but does no damage.
You barely miss the goblin. The goblin closely misses you.
Casting: Shock (safe; 5% risk of failure)
Confirm with . or Enter, or press ? or * to list all spells.
The goblin is struck by an arc of lightning!
You kill the goblin!
The endoplasm is struck by an arc of lightning.
The endoplasm is severely wounded.
You barely miss the endoplasm.
The endoplasm is severely wounded.
The endoplasm freezes you.
You are frozen.
You feel a terrible chill!
Casting: Static Discharge (safe; 8% risk of failure)
Confirm with . or Enter, or press ? or * to list all spells.
The endoplasm is struck by an arc of lightning.
You kill the endoplasm!
Terence is struck by an arc of lightning!
Terence is heavily wounded.
Unknown command.
Casting: Static Discharge (safe; 8% risk of failure)
Confirm with . or Enter, or press ? or * to list all spells.
Terence is struck by an arc of lightning!
Terence is severely wounded.
You are struck by an arc of lightning.
The lightning grounds out.
Terence misses you.
Unknown command.
Casting: Static Discharge (safe; 8% risk of failure)
Confirm with . or Enter, or press ? or * to list all spells.
Terence is struck by an arc of lightning.
Terence is almost dead.
You are struck by an arc of lightning.
* * * LOW HITPOINT WARNING * * *
The lightning grounds out.
* * * LOW HITPOINT WARNING * * *
Terence hits you with a +0 flail!
You die...

### #.#### #....####
#.##....# #.#####.# ####
#.....#.#### .....
#...........
......##########........
......@@................
......##.#######........
..... #.# #........ ....
#$# #........ ... #.#
#####...# .. #.# ##### .
#.# # ..# # #


You could see Terence.

Vanquished Creatures
  2 ball pythons
  4 endoplasms
  2 goblins
  3 hobgoblins
  A quokka (D:1)
  3 bats
  A frilled lizard (D:1)
  3 kobolds (D:2)
  2 rats (D:1)
21 creatures vanquished.

Notes
Turn   | Place    | Note
-------+----------+-------------------------------------------
     0 | D:1      | leafyfresh the Djinni Air Elementalist began the quest for
                  | the Orb.
     0 | D:1      | leafyfresh set off with the following spells memorised:
                  | Shock, Static Discharge, Swiftness, Airstrike.
     0 | D:1      | Reached XP level 1. HP: 15/15 MP: 0/0
     5 | D:1      | Found Antadyck's Antique Weapon Boutique.
   418 | D:1      | Reached XP level 2. HP: 15/21 MP: 0/0
  1446 | D:2      | Reached skill level 3 in Dodging
  1446 | D:2      | Reached XP level 3. HP: 25/25 MP: 0/0
  1446 | D:2      | Learned a level 1 spell: Magic Dart
  1501 | D:2      | Noticed Terence
  1510 | D:2      | Slain by Terence

Illustrated notes

Levels and vault maps discovered:
D:1:      ebering_trefoil_3fold, layout_basic, serial_shops, shop,
          minmay_tetromino_l2
D:2:      layout_basic, minmay_misc_feat_secret_circle, uniq_natasha,
          uniq_terence, uniq_sigmund, uniq_crazy_yiuf_cottage

Skill      XL: |  1  2 |
---------------+-------+-----
Dodging        | 3 |  3.0
Stealth        | |  1.5
Spellcasting   | |  2.8

Action                   || total
-------------------------++-------
Melee: Unarmed           ||    20
       Short sword       ||     6
 Cast: Shock             ||    32
       Static Discharge  ||     4
 Stab: Sleeping          ||     2
Armor: Robe              ||     9
Dodge: Dodged            ||    22
